 Dungeon Crawl Stone Soup version 0.26-a0-707-g31817bcca1 (webtiles) character file.

Game seed: 11959854047947228596

95 Decritt the Gusty (level 4, 0/24 HPs)
             Began as a Tengu Air Elementalist on Oct 26, 2020.
             Slain by a goblin (2 damage)
             ... led by Robin
             ... on level 3 of the Dungeon.
             The game lasted 00:09:46 (2712 turns).

Decritt the Gusty (Tengu Air Elementalist)          Turns: 2712, Time: 00:09:46

Health: 0/24       AC:  3    Str:  7 (9)  XL:     4   Next: 66%
Magic:  9/9        EV: 12    Int: 16      God:
Gold:   85         SH:  0    Dex: 13 (14) Spells: 8/9 levels left

rFire    . . .     SeeInvis .   l - +0 trident
rCold    + . .     Faith    .   (no shield)
rNeg     . . .     Spirit   .   b - +0 leather armour
rPois    .         Reflect  .   (helmet restricted)
rElec    .         Harm     .   (no cloak)
rCorr    .         Rampage  .   (no gloves)
MR       .....                  (boots unavailable)
Stlth    ++........             (no amulet)
HPRegen  0.08/turn              f - ring of protection from cold
MPRegen  0.11/turn              (no ring)

@: no status effects
A: beak, talons 3
a: no special abilities


You were on level 3 of the Dungeon.
You visited 1 branch of the dungeon, and saw 3 of its levels.

You collected 85 gold pieces.

Inventory:

Hand Weapons
 l - a +0 trident (weapon)
Armour
 b - a +0 leather armour (worn)
Jewellery
 f - a ring of protection from cold (left hand)
Scrolls
 c - a scroll of amnesia {unknown}
 g - a scroll of teleportation
 n - a scroll of enchant armour {unknown}
Potions
 d - 2 potions of heal wounds {unknown}
 e - a potion of berserk rage {unknown}
 j - a potion of brilliance {unknown}
 k - a potion of curing {unknown}
 o - a potion of mutation {unknown}
 p - a potion of might {unknown}


   Skills:
 + Level 0.6 Armour
 + Level 2.3 Dodging
 - Level 2.0 Stealth
 - Level 3.0 Spellcasting
 * Level 3.1 Conjurations
 * Level 5.0 Air Magic


You had 8 spell levels left.
You knew the following spells:

 Your Spells              Type           Power        Failure   Level
a - Shock                 Conj/Air       ###.         4%          1

Your spell library contained the following spells:

 Spells                   Type           Power        Failure   Level
 Swiftness                Air            ###.....     5%          2
 Magic Dart               Conj           ##..         8%          1
 Static Discharge         Conj/Air       ###.....     16%         3
 Mephitic Cloud           Conj/Pois/Air  ##......     26%         3
 Airstrike                Air            ###.......   34%         4
 Blink                    Tloc           N/A          38%         2
 Call Imp                 Summ           #.......     38%         2
 Slow                     Hex            #.......     38%         2
 Conjure Flame            Conj/Fire      #.......     38%         3
 Lightning Bolt           Conj/Air       ###.......   80%         5


Dungeon Overview and Level Annotations

Branches:
Dungeon (3/15)

Altars:
Uskayaw

Annotations:
D:3 Robin


Innate Abilities, Weirdness & Mutations

You have a beak for a mouth.
You have claws for feet.


Message History

There is a stone staircase leading down here.
The goblin closely misses you. The goblin hits you.
* * * LOW HITPOINT WARNING * * *
The hobgoblin no longer looks unusually strong.
The goblin no longer looks unusually strong.
Robin throws the goblin at you! The goblin barely misses you.
You puncture the goblin!
You kill the goblin!
The goblin hits you with a +2 dagger of speed.
* * * LOW HITPOINT WARNING * * *
The goblin completely misses you. Robin throws the goblin at you!
The goblin closely misses you. x2
You hit the goblin.
You kill the goblin!
The goblin no longer looks unusually strong.
Robin roars a battlecry!
The goblins go into a battle-frenzy!
The goblin closely misses you. The goblin hits you but does no damage.
The goblin hits you.
You die...

#.# # ##<# .#. #. #..#
... #.###.## #.#
###..)..#######.##
#...(.†........... ...
#.......#######.## ..
#.......## #)# ..
#........# #@## ###. .
###..(##.######gg# #..
.. ##.(((†##...ggg# #.#
...
#..##.)......g.####(#
.... ...#
#..†............# .....
#.##
##...[.......).(#......
..
##....†..[.....†.(.(..
#.........#.###.(..(.
#)†.......#.# ......


You could see Robin, 2 hobgoblins and 3 goblins.

Vanquished Creatures
  A killer bee zombie (D:2)
  An adder (D:3)
  An ooze (D:2)
  A worm (D:3)
  A dart slug (D:1)
  A leopard gecko (D:3)
  2 orcs (D:3)
  11 bats
  A giant cockroach (D:1)
  8 hobgoblins
  3 jackals (D:3)
  3 kobolds
  A quokka (D:1)
  A ball python (D:3)
  4 frilled lizards
  6 goblins
  6 rats
52 creatures vanquished.

Notes
Turn   | Place    | Note
-------+----------+-------------------------------------------
     0 | D:1      | Decritt the Tengu Air Elementalist began the quest for the
                  | Orb.
     0 | D:1      | Reached XP level 1. HP: 10/10 MP: 4/4
   147 | D:1      | Reached XP level 2. HP: 15/15 MP: 6/6
   817 | D:2      | Reached XP level 3. HP: 19/19 MP: 8/8
  1106 | D:2      | Found a hide-covered altar of Uskayaw.
  2363 | D:2      | Reached XP level 4. HP: 24/24 MP: 9/9
  2698 | D:3      | Noticed Robin
  2707 | D:3      | Reached skill level 5 in Air Magic
  2712 | D:3      | Slain by a goblin

Illustrated notes

Levels and vault maps discovered:
D:1:      minmay_arrival_arboretum_small, layout_basic
D:2:      layout_rooms, eat_drink_and_be_merry_uskayaw
D:3:      layout_rooms, hangedman_decor_push, uniq_robin

Skill      XL: |  1  2  3  4 |
---------------+-------------+-----
Conjurations   | 2 3 |  3.1
Spellcasting   | 3 |  3.0
Air Magic      | 5 |  5.0
Armour         | |  0.6
Dodging        | |  2.3
Stealth        | |  2.0

Action                   |  1- 3 |  4- 6 || total
-------------------------+-------+-------++-------
Melee: Club              |    44 |       ||    44
       Kick              |     9 |     1 ||    10
       Peck              |     4 |     6 ||    10
       Unarmed           |     1 |       ||     1
       Short sword       |     5 |       ||     5
       Trident           |     4 |    35 ||    39
Throw: Dart              |    38 |    34 ||    72
 Cast: Shock             |    28 |     3 ||    31
  Use: Scroll            |     1 |     3 ||     4
       Potion            |     1 |       ||     1
 Stab: Sleeping          |     4 |       ||     4
Armor: Robe              |    19 |     3 ||    22
       Leather armour    |       |     8 ||     8
Dodge: Dodged            |    66 |    35 ||   101

Table legend: (Time is in decaauts)
 A = Elapsed time spent in this place.
 B = Non-inter-level travel time spent in this place.
 C = Inter-level travel time spent in this place.
 D = Time resting spent in this place.
 E = Time spent auto-exploring this place.
 F = Levels seen in this place.
 G = Mean time per level.
                   A        B        C        D        E       F      G
               +--------+--------+--------+--------+--------+-----+--------+
         Total |   2738 |   2724 |     14 |    618 |   1597 |   3 |  912.7 |
       Dungeon |   2738 |   2724 |     14 |    618 |   1597 |   3 |  912.7 |
               +--------+--------+--------+--------+--------+-----+--------+

Top non-repeatable levels by time:
     D:1: 1791 daAuts
     D:2: 727 daAuts
     D:3: 220 daAuts
